 Dungeon Crawl Stone Soup version 0.17-a0-18-gc25b939 (console) character file.

907 Monkaria the Cleaver (level 8, 0/73 HPs)
             Began as a Hill Orc Gladiator on Mar 12, 2015.
             Slain by Grinder (9 damage)
             ... while paralysed by Grinder
             ... on level 5 of the Dungeon.
             The game lasted 00:10:09 (4339 turns).

Monkaria the Cleaver (Hill Orc Gladiator)           Turns: 4339, Time: 00:10:10

Health: 0/73       AC:  4    Str: 15    XL:     8   Next: 8%
Magic:  8/8        EV:  2    Int:  8    God:
Gold:   356        SH:  0    Dex: 12    Spells: 0 memorised, 7 levels left

rFire  + . .     SeeInvis .     a - +0 war axe
rCold  . . .     Clarity  .     D - +0 ring mail
rNeg   + . .     SustAb   .     (no shield)
rPois  +         Gourm    .     c - +0 helmet
rElec  .         Spirit   .     k - +2 cloak
rCorr  +         Warding  .     (no gloves)
rMut   .         Stasis   .     (no boots)
MR     .....                    m - amulet of resist corrosion
Stlth  +.........               F - ring "Saxy" {rF+ rN+ AC-5 Str-4} (curse)
                                g - ring of poison resistance

@: paralysed, not resistant to hostile enchantments, very unstealthy
A: no striking features
a: no special abilities


You were on level 5 of the Dungeon.
You were very hungry.

You visited 1 branch of the dungeon, and saw 5 of its levels.

You collected 356 gold pieces.

Inventory:

Hand weapons
 a - a +0 war axe (weapon)
 t - a +2 falchion of holy wrath
 C - a +0 blowgun
 E - the -1 hand axe "Minozxomn" {drain, Str-4 Dex+5}
   (You found it on level 5 of the Dungeon)

   A truly terrible weapon, it drains the life of those it strikes.
   It affects your strength (-4).
   It affects your dexterity (+5).
Missiles
 d - 3 throwing nets (quivered)
 n - 19 poisoned needles
Armour
 c - a +0 helmet (worn)
 k - a +2 cloak (worn)
 D - a +0 ring mail (worn)
Jewellery
 g - a ring of poison resistance (left hand)
 h - an uncursed ring of sustain abilities
 m - an amulet of resist corrosion (around neck)
 r - an uncursed ring of teleportation
 v - a cursed ring of teleportation
 F - the cursed ring "Saxy" (right hand) {rF+ rN+ AC-5 Str-4}
   (You found it on level 5 of the Dungeon)

   [ring of protection]

   It affects your AC (-5).
   It affects your strength (-4).
   It protects you from fire.
   It protects you from negative energy.
   It has a curse placed upon it.
Magical devices
 e - a wand of slowing (6)
 w - a wand of cold (0)
Scrolls
 i - 6 scrolls of identify
 j - a scroll of noise
 u - a scroll of fear
 z - a scroll of teleportation
Potions
 p - a potion of magic
 s - a potion of curing
 A - a potion of flight {unknown}
 B - a potion of restore abilities {unknown}
Books
 y - a book of Necromancy

   Spells                             Type                      Level
   a - Pain                           Necromancy                   1
   b - Animate Skeleton               Necromancy                   1
   c - Vampiric Draining              Necromancy                   3
   d - Regeneration                   Charms/Necromancy            3
   e - Animate Dead                   Necromancy                   4
   f - Control Undead                 Necromancy                   4
Comestibles
 f - 2 meat rations
 l - 3 royal jellies
 o - 2 bread rations
 q - 3 fruits
 x - a slice of pizza
 G - a beef jerky


   Skills:
 - Level 7.0 Fighting
 + Level 10.0 Axes
 - Level 2.0 Throwing
 - Level 2.4 Dodging


You had 7 spell levels left.
You didn't know any spells.

Dungeon Overview and Level Annotations

Branches:
Dungeon (5/15)
 Temple: D:4-7

Altars:
Fedhas
Trog
Vehumet
Xom
Yredelemnul
The Shining One

Annotations:
D:5 Grinder


Message History

Grinder gestures.
Grinder blinks!
You barely miss Grinder.
Grinder is heavily wounded.
Grinder gestures at you.
You suddenly lose the ability to move!
The ice beast hits you. The ice beast freezes you! Grinder gestures at you.
You shrug off the repeated paralysis!
The ice beast hits you. The ice beast freezes you!
* * * LOW HITPOINT WARNING * * *
Grinder gestures at you. Pain shoots through your body!
* * * LOW HITPOINT WARNING * * *
The ice beast hits you but does no damage.
Grinder gestures at you.
You shrug off the repeated paralysis!
The ice beast hits you but does no damage.
Grinder hits you!
You die...

.#..# #.# #....###..# ##.##.#
....#####.# ##........#
##.##### .......[..#
#...###..####.## ..........##
##.## ##.....##
...........###.## ##...##
............##.# #....#
...............## ##.#...#
........##...#..#####.####..#
.......###..####@5#...# #...
...#...# #.## ##Y....# #.#
...##......# #.###.## #.# . .
....# #.# #..# #..Y. .....
..# ##.#...# ### ###. #...# #
#..## ...# 5....


You could see Grinder and an ice beast.

Vanquished Creatures
  A black bear (D:4)
  An orc warrior (D:5)
  2 ogres
  2 scorpions
  A crimson imp (D:5)
  4 orc wizards
  4 worker ants
  A worker ant zombie (D:5)
  A river rat (D:4)
  6 adders
  4 giant mites (D:4)
  A shadow imp (D:5)
  5 worms
  3 giant geckos
  3 orcs (D:5)
  10 bats
  A bat zombie (D:5)
  7 giant cockroaches
  11 hobgoblins
  9 jackals
  11 kobolds
  6 quokkas
  A ball python skeleton (D:4)
  2 giant newts
  15 goblins
  13 rats
125 creatures vanquished.

Notes
Turn   | Place    | Note
--------------------------------------------------------------
     0 | D:1      | Monkaria, the Hill Orc Gladiator, began the quest for the Orb.
     0 | D:1      | Reached XP level 1. HP: 18/18 MP: 1/1
    78 | D:1      | Reached XP level 2. HP: 25/25 MP: 2/2
   372 | D:1      | Reached XP level 3. HP: 31/31 MP: 3/3
   575 | D:1      | Reached skill level 5 in Axes
   829 | D:2      | Found a glowing golden altar of the Shining One.
  1133 | D:2      | Reached XP level 4. HP: 36/38 MP: 4/4
  1560 | D:3      | Found a basalt altar of Yredelemnul.
  1687 | D:3      | Reached skill level 6 in Axes
  1955 | D:4      | Noticed an ogre
  1959 | D:4      | Reached XP level 5. HP: 32/46 MP: 5/5
  2139 | D:3      | Reached skill level 7 in Axes
  2152 | D:3      | Killed an ogre
  2152 | D:3      | Reached XP level 6. HP: 30/55 MP: 6/6
  2301 | D:4      | Reached skill level 5 in Fighting
  2332 | D:4      | Reached skill level 8 in Axes
  2341 | D:4      | Found a shimmering altar of Xom.
  2342 | D:4      | Found a bloodstained altar of Trog.
  2350 | D:4      | Found a blossoming altar of Fedhas.
  2662 | D:4      | Found a radiant altar of Vehumet.
  2716 | D:4      | Reached XP level 7. HP: 61/61 MP: 7/7
  3077 | D:4      | Noticed a black bear
  3090 | D:4      | Killed a black bear
  3090 | D:4      | Reached skill level 9 in Axes
  3443 | D:5      | Entered Level 5 of the Dungeon
  3517 | D:5      | Got a shimmering hand axe
  3518 | D:5      | Identified the cursed -1 hand axe "Minozxomn" {drain, Str-4 Dex+5} (You found it on level 5 of the Dungeon)
  3879 | D:5      | Got a clouded silver ring
  3897 | D:5      | Identified the cursed ring "Saxy" {rF+ rN+ AC-5 Str-4} (You found it on level 5 of the Dungeon)
  3919 | D:5      | Reached XP level 8. HP: 50/73 MP: 8/8
  4241 | D:5      | Reached skill level 10 in Axes
  4300 | D:5      | Noticed Grinder
  4335 | D:5      | Paralysed by Grinder for 7 turns
  4339 | D:5      | Slain by Grinder

Action                   |  1- 3 |  4- 6 |  7- 9 || total
-------------------------+-------+-------+-------++-------
Melee: War axe           |   123 |   111 |   186 ||   420
Evoke: Wand              |       |     1 |    11 ||    12
  Use: Scroll            |       |     5 |     1 ||     6
       Potion            |       |     6 |       ||     6
  Eat: Chunk             |       |     6 |     4 ||    10
